 Dungeon Crawl Stone Soup version 0.31.0-11-ge490571c62 (console) character file.

Game seed: 12509360812641592492

113 zenocrate the Sneak (level 5, -17/32 HPs)
             Began as a Kobold Delver on Feb 1, 2024.
             Demolished by an ogre
             ... wielding a +0 giant spiked club
              (27 damage)
             ... on level 5 of the Dungeon.
             The game lasted 00:00:33 (135 turns).

zenocrate the Sneak (Kobold Delver)                  Turns: 135, Time: 00:00:34

Health: -17/32     AC:  3    Str:  9    XL:     5   Next: 17%
Magic:  5/5        EV: 15    Int: 11    God:
Gold:   16         SH:  0    Dex: 19    Spells: 4/4 levels left

rFire   . . .        a - +0 short sword
rCold   . . .        (no shield)
rNeg    . . .        b - +0 leather armour
rPois   +            (no helmet)
rElec   .            (no cloak)
rCorr   .            (no gloves)
SInv    .            (no boots)
Will    .....        (no amulet)
Stlth   +++++        h - ring of poison resistance
HPRegen 0.25/turn    (no ring)
MPRegen 0.09/turn

%: no passive effects
@: marked
A: small, no large weapons, nightstalker 3
a: no special abilities


You were on level 5 of the Dungeon.
You visited 1 branch of the dungeon, and saw 1 of its levels.

You collected 16 gold pieces.

Inventory:

Hand Weapons
 a - a +0 short sword (weapon)
Armour
 b - a +0 leather armour (worn)
Jewellery
 h - a ring of poison resistance (left hand)
Wands
 g - a wand of digging (3)
Scrolls
 c - 2 scrolls of fog
 d - a scroll of revelation
 e - a scroll of fear
Potions
 f - a potion of haste


   Skills:
 - Level 3.2 Fighting
 + Level 4.8 Short Blades
 + Level 3.0 Dodging
 + Level 7.9 Stealth


You had 4 spell levels left.
You didn't know any spells.
Your spell library contained the following spells:

 Spells                   Type           Power      Damage    Failure   Level
 Sandblast                Erth           0%         2d4       45%         1
 Passwall                 Erth           0%         N/A       83%         3
 Stone Arrow              Conj/Erth      0%         3d7       83%         3
 Brom's Barrelling Bould  Conj/Erth      0%         2d3       99%         4


Dungeon Overview and Level Annotations

Branches:
Dungeon (5/15)
 Temple: D:4-7

Altars:


Innate Abilities, Weirdness & Mutations

You are small and have problems with some larger weapons.
You are completely attuned to the shadows.


Message History

You barely miss the scorpion.
The scorpion is heavily wounded.
The scorpion misses you.
Unknown command.
You hit the scorpion.
The scorpion is almost dead.
The scorpion stings you but does no damage.
Unknown command.
You hit the scorpion.
You kill the scorpion!
Your Dodging skill increases to level 3!
You have reached level 5!
You feel agile.
You hit the ogre.
The ogre is lightly wounded.
The ogre misses you.
Unknown command.
You hit the ogre but do no damage. Your punch misses the ogre.
The ogre is lightly wounded.
Unknown command.
You hit the ogre.
The ogre is moderately wounded.
The ogre misses you.
Unknown command.
You hit the ogre.
The ogre is heavily wounded.
Unknown command.
You hit the ogre.
The ogre is heavily wounded.
The ogre hits you with a +0 giant spiked club.
* * * LOW HITPOINT WARNING * * *
Unknown command.
You hit the ogre.
The ogre is severely wounded.
Unknown command.
You completely miss the ogre.
The ogre is severely wounded.
The ogre hits you with a +0 giant spiked club!!
Ouch! That really hurt!
You die...

###### O....# #O#
#@# #.# #.# #.# #.#
# #.# . #.#
################.##
..................#
###################


You could see an ogre.

Vanquished Creatures
  2 scorpions (D:5)
2 creatures vanquished.

Notes
Turn   | Place    | Note
-------+----------+-------------------------------------------
     0 | D:5      | zenocrate the Kobold Delver began the quest for the Orb.
     0 | D:5      | Reached XP level 1. HP: 14/14 MP: 1/1
    48 | D:5      | Noticed a scorpion
    52 | D:5      | Killed a scorpion
    53 | D:5      | Reached skill level 7 in Stealth
    53 | D:5      | Reached XP level 2. HP: 19/19 MP: 2/2
    53 | D:5      | Reached XP level 3. HP: 23/23 MP: 3/3
    53 | D:5      | Reached XP level 4. HP: 28/28 MP: 4/4
   114 | D:5      | Noticed a scorpion
   123 | D:5      | Noticed an ogre
   128 | D:5      | Killed a scorpion
   129 | D:5      | Reached XP level 5. HP: 11/32 MP: 5/5
   135 | D:5      | Demolished by an ogre

Illustrated notes

Levels and vault maps discovered:
D:5:      layout_basic

Skill      XL: |  1  2  3  4 |
---------------+-------------+-----
Short Blades   | 4 |  4.8
Stealth        | 7 |  7.9
Dodging        | 3 |  3.0
Fighting       | |  3.2

Action                     |  1- 3 |  4- 6 || total
---------------------------+-------+-------++-------
  Melee: Short sword       |     1 |    20 ||    21
   Stab: Sleeping          |     1 |       ||     1
 Armour: Leather armour    |       |     8 ||     8
  Dodge: Dodged            |       |     8 ||     8
